AoeStats
← Roids

Arena

510299164Analyzed
4v4 RM · 1d ago on Sep 30, 2026· 51m 14s· 8 players
Game mode
Random Map
Map size
Large (8 player)
Population
200
Speed
Normal
Resources
Standard
Victory
Conquest
Starting age
Dark Age
Ending age
Imperial Age
RankedLock teamsTeams togetherTeam positionsShared explorationLock speedFull tech treeHidden civsTurbo modeCheats
Victory
Defeat
🇯🇵 Koreans · Japan
1351
+12
🇨🇳 Mongols · China
1268
+15
🇨🇳 Vietnamese · China
1259
+16
🇨🇳 Celts · China
1224
+17
🇯🇵 Maya · Japan
1356
-19
🇬🇧 Romans · United Kingdom
1305
-17
🇪🇸 Vietnamese · Spain
1196
-13
🇹🇼 Mongols · Taiwan
1162
-11
kojimo
10:58 Feudal Age
12:12 Loom
14:59 Castle Age
12:45 Loom
13:03 Double-Bit Axe
14:06 Horse Collar
16:46 Bow Saw
20:42 Town Watch
22:55 Wheelbarrow
23:54 Hand Cart
23:50 Gold Mining
23:55 Stone Mining
25:39 Heavy Plow
26:47 Fletching
27:20 Fortified Wall
31:03 Imperial Age
29:35 Bodkin Arrow
29:51 Forging
29:41 Scale Mail Armor
32:30 Conscription
32:04 Elite War Wagon
32:49 Bracer
33:14 Ballistics
32:29 Pikeman
33:52 Halberdier
35:51 Chemistry
35:52 Gold Shaft Mining
39:04 Murder Holes
40:35 Iron Casting
40:16 Chain Mail Armor
40:28 Eupseong
46:17 Shinkichon
46:11 Masonry
46:06 Siege Engineers
46:37 Plate Mail Armor
46:12 Scale Barding Armor
46:10 Town Patrol
47:50 Spies/Treason
relax
10:43 Feudal Age
15:12 Castle Age
13:15 Double-Bit Axe
13:13 Horse Collar
14:19 Loom
14:32 Gold Mining
17:06 Bow Saw
21:01 Heavy Plow
22:30 Gold Shaft Mining
23:19 Wheelbarrow
23:58 Scale Mail Armor
25:32 Chain Mail Armor
25:19 Arson
26:11 Forging
26:42 Hand Cart
25:59 Pikeman
26:58 Gambesons
28:21 Iron Casting
36:13 Imperial Age
34:17 Stone Mining
36:58 Capped Ram
37:15 Halberdier
38:29 Plate Mail Armor
38:59 Blast Furnace
37:51 Heavy Scorpion
38:50 Capped Ram
40:34 Man-at-Arms
40:58 Siege Ram
42:20 Siege Engineers
42:24 Long Swordsman
44:32 Ballistics
43:41 Two-Handed Swordsman
44:28 Champion
48:54 Town Watch
49:05 Fletching
51:07 Conscription
51:00 Furor Celtica
50:58 Spies/Treason
52:29 Stone Shaft Mining
916036581
10:47 Feudal Age
14:33 Castle Age
13:05 Double-Bit Axe
13:01 Horse Collar
15:38 Bow Saw
15:36 Heavy Plow
24:12 Wheelbarrow
28:23 Imperial Age
26:36 Gold Mining
27:11 Bloodlines
27:03 Husbandry
27:10 Padded Archer Armor
27:00 Fletching
28:07 Forging
27:51 Fletching
28:17 Leather Archer Armor
28:28 Ballistics
27:36 Light Cavalry
29:15 Gold Shaft Mining
28:50 Bodkin Arrow
28:51 Loom
29:41 Wheelbarrow
28:52 Town Watch
30:43 Chemistry
30:20 Bracer
30:55 Conscription
31:11 Onager
32:59 Hand Cart
33:18 Drill
33:24 Scale Barding Armor
33:29 Forging
34:01 Siege Engineers
34:06 Masonry
35:31 Parthian Tactics
35:12 Thumb Ring
35:09 Stone Mining
36:58 Elite Mangudai
37:44 Capped Ram
37:45 Siege Onager
39:17 Siege Ram
48:57 Hussar
50:16 Spies/Treason
天青色等烟雨
11:41 Feudal Age
15:31 Castle Age
13:23 Double-Bit Axe
13:20 Horse Collar
13:49 Gold Mining
16:35 Bow Saw
16:26 Heavy Plow
18:47 Fletching
22:04 Padded Archer Armor
23:59 Bodkin Arrow
26:28 Wheelbarrow
27:03 Ballistics
27:33 Leather Archer Armor
33:59 Imperial Age
31:45 Hand Cart
33:34 Thumb Ring
34:04 Stone Mining
34:24 Elite Rattan Archer
35:16 Bracer
35:46 Ring Archer Armor
38:45 Ring Archer Armor
39:27 Bloodlines
39:18 Husbandry
38:39 Elite Battle Elephant
40:47 Chemistry
39:30 Treadmill Crane
42:21 Scale Barding Armor
42:26 Forging
42:23 Chatras
44:32 Chain Barding Armor
44:47 Iron Casting
47:29 Plate Barding Armor
47:36 Iron Casting
51:30 Paper Money
51:47 Hoardings
50:43 Sappers
50:34 Spies/Treason
51:44 Bombard Tower
51:10 Arrowslits
51:15 Guard Tower
51:16 Heated Shot
51:36 Fortified Wall
51:22 Murder Holes
51:37 Clinker Construction
51:38 Careening
51:38 Masonry
George
10:56 Feudal Age
12:36 Double-Bit Axe
14:59 Castle Age
12:57 Horse Collar
16:46 Wheelbarrow
18:36 Wheelbarrow
21:06 Loom
28:49 Imperial Age
26:27 Gold Mining
27:38 Scale Barding Armor
27:43 Forging
28:40 Chain Barding Armor
28:45 Husbandry
28:55 Bloodlines
28:07 Light Cavalry
29:43 Fletching
30:30 Iron Casting
31:16 Hand Cart
31:05 Hussar
32:31 Fletching
34:07 Blast Furnace
33:10 Town Watch
34:07 Gold Shaft Mining
33:57 Onager
35:08 Bow Saw
36:55 Drill
36:40 Bodkin Arrow
36:52 Town Patrol
36:58 Heavy Plow
Roids
10:48 Feudal Age
14:29 Castle Age
13:25 Double-Bit Axe
13:27 Horse Collar
19:24 Wheelbarrow
20:33 Bow Saw
22:57 Gold Mining
24:00 Hand Cart
23:32 Loom
23:50 Heavy Plow
23:56 Squires
23:17 Man-at-Arms
25:17 Scale Mail Armor
25:27 Forging
25:28 Stone Mining
29:22 Imperial Age
26:26 Long Swordsman
27:44 Chain Mail Armor
28:04 Iron Casting
26:57 Pikeman
32:29 Iron Casting
33:22 Conscription
34:28 Blast Furnace
32:52 Legionary
34:45 Fletching
35:39 Comitatenses
38:17 Bodkin Arrow
ohawan12312
10:42 Feudal Age
14:33 Castle Age
13:00 Horse Collar
13:57 Double-Bit Axe
15:32 Wheelbarrow
15:43 Bow Saw
17:02 Loom
25:07 Hand Cart
28:03 Imperial Age
25:45 Squires
25:47 Scale Mail Armor
26:23 Forging
26:11 Eagle Warrior
41:30 Arson
Jesulito123
3:27 Loom
11:27 Feudal Age
15:20 Castle Age
13:36 Double-Bit Axe
14:36 Horse Collar
16:12 Bow Saw
21:24 Heavy Plow
21:21 Gold Mining
22:44 Wheelbarrow
22:17 Stone Mining
29:05 Imperial Age
26:52 Hand Cart
26:55 Fletching
27:42 Bodkin Arrow
28:09 Ballistics
28:00 Padded Archer Armor
27:56 Town Watch
28:17 Caravan
29:01 Stone Shaft Mining
29:25 Murder Holes
29:40 Masonry
31:00 Bracer
32:02 Chemistry
31:35 Leather Archer Armor
31:16 Elite Rattan Archer
33:12 Paper Money
35:31 Ring Archer Armor
Connection lost

Rejoining the realm…

Still unreachable

The connection could not be restored.

Session expired

The server has moved on; the page needs a fresh start.